 Dungeon Crawl Stone Soup version 0.31.0-11-ge490571c62 (webtiles) character file.

Game seed: 10654652633558593156

42 qw the Shooter (level 3, -3/20 HPs)
             Began as a Deep Elf Hunter on Feb 3, 2024.
             Slain by a gnoll
             ... wielding a +0 halberd
              (8 damage)
             ... on level 2 of the Dungeon.
             The game lasted 00:00:03 (765 turns).

qw the Shooter (Deep Elf Hunter)                     Turns: 765, Time: 00:00:03

Health: -3/20      AC:  3    Str: 10    XL:     3   Next: 33%
Magic:  5/5        EV: 12    Int: 13    God:
Gold:   22         SH:  0    Dex: 18    Spells: 2/2 levels left

rFire   . . .        a - +0 shortbow
rCold   . . .        (shield currently unavailable)
rNeg    . . .        c - +0 leather armour
rPois   .            (no helmet)
rElec   .            (no cloak)
rCorr   .            (no gloves)
SInv    .            (no boots)
Will    .....        (no amulet)
Stlth   ++           (no ring)
HPRegen 0.23/turn    (no ring)
MPRegen 0.09/turn

%: no passive effects
@: no status effects
A: no striking features
a: no special abilities


You were on level 2 of the Dungeon.
You visited 1 branch of the dungeon, and saw 2 of its levels.

You collected 22 gold pieces.


   Skills:
 - Level 1.5 Fighting
 + Level 6.9 Ranged Weapons
 - Level 2.4 Dodging
 - Level 1.2 Stealth


You had 2 spell levels left.
You didn't know any spells.
Your spell library was empty.

Inventory:

Hand Weapons
 a - a +0 shortbow (weapon)
Armour
 c - a +0 leather armour (worn)
Potions
 e - a potion of curing
 h - a potion of attraction {unknown}

Dungeon Overview and Level Annotations

Branches:
Dungeon (2/15)

Altars:

Shops:
D:1 =


Message History

There is a stone staircase leading up here.
A ball python comes into view.
You shoot an arrow. The arrow hits the ball python.
The ball python is heavily wounded.
You shoot an arrow. The arrow hits the ball python.
You kill the ball python!
A hobgoblin and a gnoll come into view.
You shoot an arrow. The arrow barely misses the hobgoblin.
The hobgoblin shouts!
The gnoll shouts!
You hear a shout! x3
A gnoll comes into view. It is wielding a +0 halberd.
You shoot an arrow. The arrow hits the hobgoblin.
The hobgoblin is lightly wounded.
The hobgoblin hits you but does no damage.
You shoot an arrow. The arrow barely misses the hobgoblin.
The hobgoblin barely misses you.
You shoot an arrow. The arrow barely misses the hobgoblin.
The hobgoblin hits you but does no damage.
You shoot an arrow. The arrow hits the hobgoblin.
You kill the hobgoblin!
A gnoll comes into view. It is wielding a +0 whip.
757 ||| RETREEEEATING.
You shoot an arrow. The arrow barely misses the gnoll.
You shoot an arrow. The arrow hits the gnoll!
The gnoll is heavily wounded.
A gnoll comes into view. It is wielding a +0 flail.
You shoot an arrow. The arrow hits the gnoll.
The gnoll is lightly wounded.
The gnoll hits you with a +0 halberd!
762 ||| RETREEEEATING.
The gnoll hits you from afar with a +0 halberd!
You shoot an arrow. The arrow hits the gnoll.
The gnoll is heavily wounded.
The gnoll barely misses you.
You shoot an arrow. The arrow hits the gnoll.
The gnoll is severely wounded.
The gnoll hits you but does no damage.
You shoot an arrow. The arrow barely misses the gnoll.
The gnoll hits you from afar with a +0 halberd!
You die...

#########
####.......#
#######.......##.###
#..@....##.##.##.#..
#g########.##.......
... #.#####.#..
#.##g #.......##. #
#. ##########. #.
####. #g #.... #.
#.##. #....


You could see a gnoll.

Vanquished Creatures
  3 ball pythons
  4 endoplasms (D:1)
  4 goblins (D:1)
  3 hobgoblins
  9 jackals (D:1)
  A quokka (D:1)
  4 bats (D:1)
  4 kobolds (D:1)
  2 rats (D:1)
34 creatures vanquished.

Notes
Turn   | Place    | Note
-------+----------+-------------------------------------------
     0 | D:1      | qw the Deep Elf Hunter began the quest for the Orb.
     0 | D:1      | Reached XP level 1. HP: 12/12 MP: 3/3
     0 | D:1      | 0 ||| qw: Version: 0.3-a-157-g843a77d
     0 | D:1      | 0 ||| qw: Game counter: 3845
     0 | D:1      | 0 ||| qw: Melee chars always use a shield: true
     0 | D:1      | 0 ||| qw: God list: Okawaru
     0 | D:1      | 0 ||| qw: Allow faded altars: false
     0 | D:1      | 0 ||| qw: Do Orc after clearing Dungeon:15 true
     0 | D:1      | 0 ||| qw: Do second Lair branch before Depths: true
     0 | D:1      | 0 ||| qw: Lair rune preference: random
     0 | D:1      | 0 ||| qw: Goals: Normal
     0 | D:1      | 0 ||| PLANNING D:1-11
   106 | D:1      | Reached XP level 2. HP: 16/16 MP: 4/4
   111 | D:1      | Reached skill level 6 in Ranged Weapons
   120 | D:1      | HP: 3/16 [kobold/+0 club (2)]
   120 | D:1      | HP: 1/16 [kobold/+0 club (2)]
   128 | D:1      | HP: 1/16 [kobold/+0 club (2)]
   210 | D:1      | Found Qugruel's Jewellery Shoppe.
   223 | D:1      | 223 ||| SHOPLISTING +6 ring of strength (432 gold, have 0).
   223 | D:1      | 223 ||| SHOPLISTING amulet of regeneration (360 gold, have
                  | 0).
   223 | D:1      | 223 ||| SHOPLISTING ring of positive energy (240 gold, have
                  | 0).
   223 | D:1      | 223 ||| SHOPLISTING ring of protection from fire (300 gold,
                  | have 0).
   338 | D:1      | Reached XP level 3. HP: 20/20 MP: 5/5
   684 | D:1      | 684 ||| READING scroll labelled NAC LID MISAAR.
   684 | D:1      | 684 ||| IDENTIFYING inky potion
   685 | D:1      | 685 ||| READING scroll labelled DAEPTY WUMIJ.
   686 | D:1      | 686 ||| DRINKING 2 red potions.
   687 | D:1      | 687 ||| DROPPING scroll of butterflies.
   688 | D:1      | 688 ||| DROPPING potion of lignification.
   757 | D:2      | 757 ||| RETREEEEATING.
   762 | D:2      | 762 ||| RETREEEEATING.
   762 | D:2      | HP: 4/20 [gnoll/+0 halberd (7)]
   765 | D:2      | Slain by a gnoll

Levels and vault maps discovered:
D:1:      matt_arrival_spirals, layout_basic, serial_shops, shop
D:2:      layout_loops_cross, skrybe_limestone_x

Skill      XL: |  1  2 |
---------------+-------+-----
Ranged Weapons | 6 |  6.9
Fighting       | |  1.5
Dodging        | |  2.4
Stealth        | |  1.2

Action                     || total
---------------------------++-------
   Fire: Shortbow          ||   110
    Use: Scroll            ||     2
         Potion            ||     1
 Armour: Leather armour    ||    35
  Dodge: Dodged            ||    31

Table legend:
 A = Non-vault XP
 B = Vault XP
 C = Vault XP percentage of total XP
 D = Non-vault monster count
 E = Vault monster count
 F = Vault count percentage of total count
                 A         B        C        D         E       F
            +---------+---------+-------+---------+---------+-------
      Total |      60 |       0 |   0.0 |      34 |       0 |   0.0
            +---------+---------+-------+---------+---------+-------
        D:1 |      56 |       0 |   0.0 |      32 |       0 |   0.0
        D:2 |       4 |       0 |   0.0 |       2 |       0 |   0.0
            +---------+---------+-------+---------+---------+-------
